 Dungeon Crawl Stone Soup version 0.25-a0-63-gbefff83b7c (webtiles) character file.

Game seed: 10199888855055272771, levelgen mode: deterministic

270 Gargoyl the Skirmisher (level 6, -11/53 HPs)
             Began as a Draconian Abyssal Knight on Nov 1, 2019.
             Was a Believer of Lugonu.
             Mangled by an iguana (14 damage)
             ... on level 5 of the Dungeon.
             The game lasted 00:05:11 (4079 turns).

Gargoyl the Skirmisher (Draconian Abyssal Knight)   Turns: 4079, Time: 00:05:12

Health: -11/53     AC:  8    Str: 15 (16) XL:     6   Next: 1%
Magic:  17/17      EV: 13    Int: 16 (17) God:    Lugonu [**....]
Gold:   271        SH:  0    Dex: 10 (11) Spells: 3/5 levels left

rFire    . . .     SeeInvis .   a - +1 hand axe
rCold    . . .     Gourm    .   (no shield)
rNeg     . . .     Faith    .   (armour unavailable)
rPois    .         Spirit   .   (helmet restricted)
rElec    .         Reflect  .   (no cloak)
rCorr    .         Harm     .   e - +0 pair of gloves
MR       .....     Rnd*Rage +   c - +0 pair of boots
Stlth    +.........             (no amulet)
HPRegen  0.17/turn              f - ring of magical power
MPRegen  0.15/turn              h - +5 ring of intelligence

@: berserk cooldown, slowed, very slow
A: unfitting armour, talons 1, berserk 1, blink, blurry vision 1, wild magic 1,
cold-blooded, AC +6
a: Blink, Depart the Abyss, Bend Space, Renounce Religion


You were on level 5 of the Dungeon.
You worshipped Lugonu.
Lugonu was pleased with you.
You were hungry.

You visited 1 branch of the dungeon, and saw 5 of its levels.
You visited the Abyss 1 time.

You collected 271 gold pieces.

Inventory:

Hand Weapons
 a - a +1 hand axe (weapon)
Missiles
 o - 2 boomerangs (quivered)
Armour
 c - a +0 pair of boots (worn)
 e - a +0 pair of gloves (worn)
Jewellery
 f - a ring of magical power (left hand)
 h - a +5 ring of intelligence (right hand)
Scrolls
 i - a scroll of fog {unknown}
 l - a scroll of magic mapping
 n - 4 scrolls of remove curse {unknown}
 q - a scroll of teleportation {unknown}
 r - a scroll of immolation {unknown}
 s - a scroll of identify
Potions
 g - 4 potions of brilliance
 j - 3 potions of curing
Comestibles
 b - 6 rations


   Skills:
 + Level 4.6 Fighting
 + Level 4.1 Axes
 * Level 3.3 Dodging
 + Level 0.8 Stealth
 * Level 2.9 Invocations


You had 3 spell levels left.
You knew the following spells:

 Your Spells              Type           Power        Failure   Level  Hunger
a - Ensorcelled Hibernat  Hex/Ice        #.....       45%         2    ###....

Your spell library contained the following spells:

 Spells                   Type           Power        Failure   Level  Hunger
 Corona                   Hex            #......      34%         1    ##.....
 Confuse                  Hex            #.......     67%         3    ####...
 Dazzling Spray           Conj/Hex       #.....       67%         3    ####...
 Tukima's Dance           Hex            #.......     67%         3    ####...


Dungeon Overview and Level Annotations

Branches:
Dungeon (5/15)
 Temple: D:4-7

Altars:
Elyvilon
Hepliaklqana
Okawaru
Wu Jian

Annotations:
D:4 Dowan, Duvessa


Innate Abilities, Weirdness & Mutations

Your plain brown scales are hard. (AC +6)
You cannot fit into any form of body armour.
You are cold-blooded and may be slowed by cold attacks.
You have sharp toenails.
You tend to lose your temper in combat.
You can translocate small distances at will.
Scrolls take you a little longer to read.
Your spells are a little harder to cast, but a little more powerful.


Message History

The orc wizard casts a cantrip, but nothing happens.
The iguana misses you.
You hit the iguana but do no damage.
Your tail-slap misses the iguana.
The iguana is severely wounded.
The iguana barely misses you. The iguana bites you.
You barely miss the iguana.
You tail-slap the iguana, but do no damage.
The iguana is severely wounded.
The iguana barely misses you. The iguana bites you!
* * * LOW HITPOINT WARNING * * *
You closely miss the iguana.
You tail-slap the iguana, but do no damage.
The iguana is severely wounded.
The iguana closely misses you.
You closely miss the iguana. You tail-slap the iguana.
The iguana is almost dead.
The iguana bites you!
* * * LOW HITPOINT WARNING * * *
The iguana bites you!
You die...

...... #.........
#.........
#.....?... ... ....
..#...# #
.##########.#...# #
.......@lo).....+ +
###########.#...# #
######.....#
#..........#
#.........##
#.........#
#.........#
#......†..#
#.......(.######+##


You could see an iguana and an orc wizard.

Vanquished Creatures
  2 hounds (D:4)
  An orc wizard (D:5)
  2 worker ants (D:5)
  A gnoll (D:1)
  4 adders
  A shadow imp (D:5)
  A worm (D:3)
  A dart slug (D:3)
  6 leopard geckos
  3 orcs
  7 bats
  5 giant cockroaches
  11 goblins
  6 hobgoblins
  6 kobolds
  2 quokkas
  4 ball pythons
  6 frilled lizards
  5 rats
74 creatures vanquished.

Notes
Turn   | Place    | Note
-------+----------+-------------------------------------------
     0 | Abyss:1  | Gargoyl the Draconian Abyssal Knight began the quest for
                  | the Orb.
     0 | Abyss:1  | Reached XP level 1. HP: 19/19 MP: 2/2
    65 | Abyss:1  | Noticed an orange demon
    66 | D:1      | Escaped the Abyss
   104 | D:1      | Reached XP level 2. HP: 7/26 MP: 3/3
   590 | D:1      | Reached * piety under Lugonu
   745 | D:1      | Reached XP level 3. HP: 32/33 MP: 4/4
  1593 | D:2      | Found a hazy altar of Hepliaklqana.
  1731 | D:2      | Reached XP level 4. HP: 37/40 MP: 5/5
  2385 | D:3      | Reached ** piety under Lugonu
  2421 | D:3      | Found a white marble altar of Elyvilon.
  2510 | D:3      | Found an ornate altar of the Wu Jian Council.
  2941 | D:4      | Learned a level 2 spell: Ensorcelled Hibernation
  2957 | D:4      | Reached XP level 5. HP: 46/46 MP: 7/7
  3042 | D:4      | Noticed Dowan
  3043 | D:4      | Noticed Duvessa
  3053 | D:4      | Gained mutation: You have sharp fingernails. [potion of
                  | mutation]
  3053 | D:4      | Gained mutation: You are weak. (Str -2) [potion of
                  | mutation]
  3053 | D:4      | Gained mutation: Your flesh is cold resistant. (rC+)
                  | [potion of mutation]
  3053 | D:4      | Gained mutation: You have sharp toenails. [potion of
                  | mutation]
  3066 | D:4      | Lost mutation: You are weak. (Str -2) [potion of mutation]
  3066 | D:4      | Lost mutation: You have sharp fingernails. [potion of
                  | mutation]
  3066 | D:4      | Lost mutation: Your flesh is cold resistant. (rC+) [potion
                  | of mutation]
  3066 | D:4      | Gained mutation: Scrolls take you a little longer to read.
                  | [potion of mutation]
  3066 | D:4      | Gained mutation: You tend to lose your temper in combat.
                  | [potion of mutation]
  3066 | D:4      | Gained mutation: You can translocate small distances at
                  | will. [potion of mutation]
  3066 | D:4      | Gained mutation: Your spells are a little harder to cast,
                  | but a little more powerful. [potion of mutation]
  3076 | D:4      | HP: 2/47 [Duvessa/+0 short sword (8)]
  3093 | D:5      | Entered Level 5 of the Dungeon
  3968 | D:5      | Found an iron altar of Okawaru.
  4059 | D:5      | Reached XP level 6. HP: 53/53 MP: 8/8
  4079 | D:5      | Mangled by an iguana

Levels and vault maps discovered:
D:1:      lemuel_arrival_muddy, layout_basic, item_on_display_a
D:2:      layout_loops_ring, nicolae_overflow_crystal_walls,
          corexii_corridor_pit
D:3:      layout_loops_ring, nicolae_overflow_hidden_temple, marbit_many_paths,
          first_ration, chequers_serial_rivers_micro_c, grunt_ministairs_14
D:4:      layout_loops_ring, kennysheep_little_box, lemuel_crystal_altar,
          chequers_temple_overflow_minitemple, uniq_duvessa
D:5:      minmay_diamond_boxcup, layout_basic, okawaru_trees_2

Skill      XL: |  1  2  3  4  5 |
---------------+----------------+-----
Dodging        | 3 |  3.3
Fighting       | 4 |  4.6
Axes           | 3 4 |  4.1
Stealth        | |  0.8
Invocations    | |  2.9

Action                   |  1- 3 |  4- 6 || total
-------------------------+-------+-------++-------
Melee: Hand axe          |   147 |   168 ||   315
       Tailslap          |    12 |    21 ||    33
Throw: Boomerang         |       |     4 ||     4
 Cast: Ensorcelled Hiber |       |     2 ||     2
Invok: Depart the Abyss  |     1 |       ||     1
       Bend Space        |       |     1 ||     1
  Use: Potion            |     1 |     7 ||     8
       Scroll            |     4 |       ||     4
 Stab: Sleeping          |     1 |     2 ||     3
  Eat: Chunk             |     2 |     8 ||    10
Armor: Skin              |    58 |    44 ||   102
Dodge: Dodged            |   113 |   148 ||   261

Table legend:
 A = Non-vault XP
 B = Vault XP
 C = Vault XP percentage of total XP
 D = Non-vault monster count
 E = Vault monster count
 F = Vault count percentage of total count
                 A         B        C        D         E       F
            +---------+---------+-------+---------+---------+-------
      Total |     379 |       8 |   2.1 |      71 |       3 |   4.1
            +---------+---------+-------+---------+---------+-------
        D:1 |      54 |       0 |   0.0 |      24 |       0 |   0.0
        D:2 |      45 |       0 |   0.0 |      17 |       0 |   0.0
        D:3 |      59 |       8 |  11.9 |      19 |       3 |  13.6
        D:4 |      89 |       0 |   0.0 |       4 |       0 |   0.0
        D:5 |     132 |       0 |   0.0 |       7 |       0 |   0.0
            +---------+---------+-------+---------+---------+-------
